 Dungeon Crawl Stone Soup version 0.19-a0-82-gd3566c2 (webtiles) character file.

25 wvc the Covered (level 2, -3/20 HPs)
             Began as a Mummy Wanderer on May 14, 2016.
             Slain by a gnoll
             ... wielding a +0 whip
              (4 damage)
             ... on level 1 of the Dungeon.
             The game lasted 00:01:01 (640 turns).

wvc the Covered (Mummy Wanderer)                     Turns: 640, Time: 00:01:02

Health: -3/20      AC:  5    Str: 15    XL:     2   Next: 86%
Magic:  5/5        EV: 10    Int: 10    God:
Gold:   36         SH:  0    Dex: 12    Spells: 0 memorised, 5 levels left

rFire  x . .     SeeInvis .     c - +0 club
rCold  + . .     Gourm    .     b - +0 ring mail
rNeg   + + +     Faith    .     (no shield)
rPois  ∞         Spirit   .     (no helmet)
rElec  .         Dismiss  .     (no cloak)
rCorr  .         Reflect  .     (no gloves)
SustAt .         Harm     .     (no boots)
MR     .....                    (no amulet)
Stlth  +.........               (no ring)
                                (no ring)

@: not resistant to hostile enchantments, very unstealthy
A: no food or potions, fire vulnerability, cold resistance 1, negative energy
resistance 3, torment resistance, unbreathing
a: no special abilities


You were on level 1 of the Dungeon.
You were not hungry.

You visited 1 branch of the dungeon, and saw 1 of its levels.

You collected 36 gold pieces.

Inventory:

Hand Weapons
 c - a +0 club (weapon)
Armour
 b - a +0 ring mail (worn)
Scrolls
 d - 2 scrolls of identify {unknown}
 e - a scroll of fog {unknown}
 f - a scroll of amnesia {unknown}
Books
 a - a book of Minor Magic

   Spells                             Type                      Level
   a - Magic Dart                     Conjuration                  1
   b - Blink                          Translocation                2
   c - Call Imp                       Summoning                    2
   d - Repel Missiles                 Charms/Air                   2
   e - Slow                           Hexes                        2
   f - Conjure Flame                  Conjuration/Fire             3
   g - Mephitic Cloud                 Conjuration/Poison/Air       3


   Skills:
 + Level 0.6 Fighting
   Level 1.5(2.0) Axes
 * Level 1.6(2.0) Maces & Flails
 - Level 2.4 Armour
 + Level 0.7 Dodging
 - Level 1.0 Stealth
 - Level 2.0 Spellcasting
   Level 1.0 Translocations
   Level 1.0 Evocations


You had 5 spell levels left.
You didn't know any spells.

Dungeon Overview and Level Annotations

Branches:
Dungeon (1/15)

Altars:


Innate Abilities, Weirdness & Mutations

You do not eat or drink.
Your flesh is vulnerable to fire.
You are immune to poison.
Your flesh is cold resistant.
You are immune to negative energy.
You are immune to unholy pain and torment.
You can survive without breathing.


Message History

The gnoll is moderately wounded.
The gnoll hits you with a whip. The gnoll misses you.
You completely miss the gnoll.
The gnoll is moderately wounded.
The gnoll hits you with a whip.
You hit the gnoll.
The gnoll is moderately wounded.
The gnoll hits you with a whip!
* * * LOW HITPOINT WARNING * * *
You are too injured to fight recklessly!
You are too injured to fight recklessly!
You are too injured to fight recklessly!
You hit the gnoll but do no damage.
The gnoll is moderately wounded.
The gnoll hits you with a whip.
* * * LOW HITPOINT WARNING * * *
You hit the gnoll.
The gnoll is heavily wounded.
The gnoll hits you with a whip.
You die...

########## #..@g)...# ###
#.######.#######.### #######
###.# ............. ....†.#
##.#.# ..#####.#.#..
#####.#####....#####..####.##.#..
#..........†.......#........##
#..#####....######.#.##.##.##
#..# ##.#.# #.#.###..## #..#
###.# #.#.# ##.#


You could see a gnoll.

Vanquished Creatures
  An ooze (D:1)
  2 bats (D:1)
  A giant cockroach (D:1)
  3 goblins (D:1)
  4 hobgoblins (D:1)
  2 jackals (D:1)
  3 kobolds (D:1)
  4 rats (D:1)
20 creatures vanquished.

Notes
Turn   | Place    | Note
--------------------------------------------------------------
     0 | D:1      | wvc the Mummy Wanderer began the quest for the Orb.
     0 | D:1      | wvc set off with: a book of Minor Magic, a +0 ring mail, a +0 club
     0 | D:1      | Reached XP level 1. HP: 13/13 MP: 3/3
    78 | D:1      | Reached skill level 1 in Maces & Flails
   285 | D:1      | Reached XP level 2. HP: 19/19 MP: 5/5
   639 | D:1      | HP: 1/20 [gnoll/whip (1)]
   640 | D:1      | Slain by a gnoll

Vault maps used:
D:1:      dpeg_arrival_erosion

Skill      XL: |  1 |
---------------+----+-----
Maces & Flails | 1 |  1.6
Fighting       | |  0.6
Axes           | |  1.5
Armour         | |  2.4
Dodging        | |  0.7
Stealth        | |  1.0
Spellcasting   | |  2.0
Translocations | |  1.0
Evocations     | |  1.0

Action                   || total
-------------------------++-------
Melee: Club              ||    96
Armor: Ring mail         ||    36
Dodge: Dodged            ||    59
